SOB
MEXICO CITY CONQUISTADORS @ FORT DE FRANCE CARNIVALS
01/06/1982
 
TOP OF THE 1ST
Mexico City Conquistadors batting - Pitching for Fort de France Carnivals : LHP Dennis Rasmussen
Pitching: LHP Dennis Rasmussen
Batting: RHB Brad Komminsk 0-0: Called Strike
0-1: Ball
1-1: Bunt missed!
1-2: Ball
2-2: Ball
3-2: Hit by Pitch
Batting: RHB German Rivera 0-0: Ball
Wild Pitch!
Brad Komminsk to second
1-0: Fly out, F8 (Line Drive, 8LD, EV 91.3 MPH)
Runner from 2nd tags up, SAFE at 3rd with throw by CF
Batting: LHB John Kruk 0-0: Ball
1-0: Fly out, F8 (Line Drive, 8RD, EV 90.0 MPH)
Runner from 3rd tags up, SCORES, no throw by CF
Batting: RHB George Gomez 0-0: Called Strike
0-1: Ball
1-1: Foul Ball, location: 2F
1-2: Foul Ball, location: 2F
1-2: Hit by Pitch
Batting: RHB Chris James 0-0: Swinging Strike
0-1: Called Strike
0-2: Ball
1-2: Strikes out swinging
Top of the 1st over - 1 run, 0 hits, 0 errors, 1 left on base; Mexico City 1 - Fort de France 0
BOTTOM OF THE 1ST
Fort de France Carnivals batting - Pitching for Mexico City Conquistadors : LHP Chris Reyes
Pitching: LHP Chris Reyes
Batting: SHB Gary Pettis 0-0: Ball
1-0: Swinging Strike
1-1: Ground out 5-3 (Groundball, 15, EV 83.1 MPH)
Batting: RHB Eddie Vargas 0-0: Foul Ball, location: 2F
0-1: Ball
1-1: Swinging Strike
1-2: SOLO HOME RUN (Flyball, 7LD, EV 102.5 MPH), Distance : 346 ft
Batting: RHB Ramiro Gutierrez 0-0: Foul Ball, location: 2F
0-1: Called Strike
0-2: Ball
1-2: Ball
2-2: Foul Ball, location: 2F
2-2: Ball
3-2: Fly out, F7 (Flyball, 78M, EV 90.0 MPH)
Batting: LHB Omar Guerrero 0-0: Ball
1-0: Called Strike
1-1: Foul Ball, location: 2F
1-2: Ground out U3 (Groundball, 34S, EV 68.1 MPH)
Bottom of the 1st over - 1 run, 1 hit, 0 errors, 0 left on base; Mexico City 1 - Fort de France 1
TOP OF THE 2ND
Mexico City Conquistadors batting - Pitching for Fort de France Carnivals : LHP Dennis Rasmussen
Batting: RHB Mariano Duncan 0-0: Ball
1-0: Ground out 4-3 (Groundball, 4, EV 80.0 MPH)
Batting: RHB Jorge Villalobos 0-0: Foul Ball, location: 2F
0-1: Ball
1-1: Swinging Strike
1-2: Foul Ball, location: 2F
1-2: Foul Ball, location: 2F
1-2: Ball
2-2: Ball
3-2: Strikes out swinging
Batting: RHB Steve Liddle 0-0: Foul Ball, location: 2F
0-1: Ball
1-1: Foul Ball, location: 2F
1-2: Strikes out swinging
Top of the 2nd over - 0 runs, 0 hits, 0 errors, 0 left on base; Mexico City 1 - Fort de France 1
BOTTOM OF THE 2ND
Fort de France Carnivals batting - Pitching for Mexico City Conquistadors : LHP Chris Reyes
Batting: RHB Dave Stenhouse 0-0: Foul Ball, location: 2F
0-1: Ball
1-1: Swinging Strike
1-2: Ball
2-2: Foul Ball, location: 2F
2-2: Ball
3-2: Foul Ball, location: 2F
3-2: Ground out 5-3 (Groundball, 56S, EV 62.5 MPH)
Batting: LHB Steve Sbragia 0-0: Foul Ball, location: 2F
0-1: Ball
1-1: Swinging Strike
1-2: Ball
2-2: SINGLE (Groundball, 4M, EV 101.3 MPH) (infield hit)
Batting: RHB Julio Collazo 0-0: Ball
1-0: Fly out, F9 (Line Drive, 9D, EV 90.6 MPH)
Batting: LHB Mike McCain 0-0: Called Strike
0-1: TRIPLE (Flyball, 89XD, EV 106.3 MPH)
Steve Sbragia scores
Batting: RHB Mario Diaz 0-0: Ball
1-0: Fly out, F9 (Flyball, 89S, EV 81.9 MPH)
Bottom of the 2nd over - 1 run, 2 hits, 0 errors, 1 left on base; Mexico City 1 - Fort de France 2
TOP OF THE 3RD
Mexico City Conquistadors batting - Pitching for Fort de France Carnivals : LHP Dennis Rasmussen
Batting: RHB Jose Maldonado 0-0: Called Strike
0-1: Ball
1-1: Foul Ball, location: 2F
1-2: Strikes out swinging
Batting: RHB Brad Komminsk 0-0: Ball
1-0: Ball
2-0: Fly out, F9 (Flyball, 9S, EV 95.6 MPH)
Batting: RHB German Rivera 0-0: Ball
1-0: Ball
2-0: Foul Ball, location: 2F
2-1: Foul Ball, location: 2F
2-2: Foul Ball, location: 2F
2-2: Foul Ball, location: 2F
2-2: Strikes out looking
Top of the 3rd over - 0 runs, 0 hits, 0 errors, 0 left on base; Mexico City 1 - Fort de France 2
BOTTOM OF THE 3RD
Fort de France Carnivals batting - Pitching for Mexico City Conquistadors : LHP Chris Reyes
Batting: SHB Gary Pettis 0-0: Ball
1-0: Called Strike
1-1: Ball
2-1: Called Strike
2-2: Foul Ball, location: 2F
2-2: Foul Ball, location: 2F
2-2: Ball
3-2: Foul Ball, location: 2F
3-2: Strikes out swinging
Batting: RHB Eddie Vargas 0-0: Ball
1-0: Called Strike
1-1: Called Strike
1-2: Ball
2-2: Ball
3-2: Strikes out swinging
Batting: RHB Ramiro Gutierrez 0-0: Called Strike
0-1: Called Strike
0-2: Ball
1-2: Foul Ball, location: 2F
1-2: Ground out 5-3 (Groundball, 56S, EV 82.5 MPH)
Bottom of the 3rd over - 0 runs, 0 hits, 0 errors, 0 left on base; Mexico City 1 - Fort de France 2
TOP OF THE 4TH
Mexico City Conquistadors batting - Pitching for Fort de France Carnivals : LHP Dennis Rasmussen
Batting: LHB John Kruk 0-0: Foul Ball, location: 2F
0-1: Ball
1-1: Fly out, F8 (Flyball, 78D, EV 79.4 MPH)
Batting: RHB George Gomez 0-0: Called Strike
0-1: Foul Ball, location: 2F
0-2: Strikes out swinging
Batting: RHB Chris James 0-0: Ball
1-0: Ground out 2-3 (Groundball, 15S, EV 64.4 MPH)
Top of the 4th over - 0 runs, 0 hits, 0 errors, 0 left on base; Mexico City 1 - Fort de France 2
BOTTOM OF THE 4TH
Fort de France Carnivals batting - Pitching for Mexico City Conquistadors : LHP Chris Reyes
Batting: LHB Omar Guerrero 0-0: Ball
1-0: SINGLE (Groundball, 6S, EV 75.6 MPH) (infield hit)
Batting: RHB Dave Stenhouse 0-0: Ball
1-0: Ball
2-0: Grounds into double play, 5-4-3 (Groundball, 56S, EV 90.0 MPH)
Batting: LHB Steve Sbragia 0-0: Foul Ball, location: 2F
0-1: Ball
1-1: Ball
2-1: Foul Ball, location: 2F
2-2: Strikes out looking
Bottom of the 4th over - 0 runs, 1 hit, 0 errors, 0 left on base; Mexico City 1 - Fort de France 2
TOP OF THE 5TH
Mexico City Conquistadors batting - Pitching for Fort de France Carnivals : LHP Dennis Rasmussen
Batting: RHB Mariano Duncan 0-0: Ball
1-0: Ball
2-0: Called Strike
2-1: Ball
3-1: Base on Balls
Batting: RHB Jorge Villalobos 0-0: SINGLE (Line Drive, 56D, EV 110.0 MPH)
Mariano Duncan to second
Batting: RHB Steve Liddle 0-0: Fly out, F8 (Flyball, 8RM, EV 96.9 MPH)
Batting: RHB Jose Maldonado 0-0: Called Strike
0-1: Called Strike
0-2: Strikes out swinging
Batting: RHB Brad Komminsk 0-0: Ball
1-0: Swinging Strike
1-1: Foul Ball, location: 2F
1-2: Strikes out looking
Top of the 5th over - 0 runs, 1 hit, 0 errors, 2 left on base; Mexico City 1 - Fort de France 2
BOTTOM OF THE 5TH
Fort de France Carnivals batting - Pitching for Mexico City Conquistadors : LHP Chris Reyes
Batting: RHB Julio Collazo 0-0: Called Strike
0-1: Called Strike
0-2: Ball
1-2: Strikes out looking
Batting: LHB Mike McCain 0-0: Called Strike
0-1: Swinging Strike
0-2: SINGLE (Groundball, 34D, EV 96.9 MPH)
Batting: RHB Mario Diaz 0-0: Called Strike
0-1: Fielders Choice at 2nd, 6-4 (Groundball, 6M, EV 86.9 MPH)
Batting: SHB Gary Pettis 0-0: Ball
1-0: Called Strike
1-1: Ball
2-1: Swinging Strike
2-2: Strikes out swinging
Bottom of the 5th over - 0 runs, 1 hit, 0 errors, 1 left on base; Mexico City 1 - Fort de France 2
TOP OF THE 6TH
Mexico City Conquistadors batting - Pitching for Fort de France Carnivals : LHP Dennis Rasmussen
Batting: RHB German Rivera 0-0: Foul Ball, location: 2F
0-1: Ball
1-1: Swinging Strike
1-2: SINGLE (Groundball, 34D, EV 94.4 MPH)
Batting: LHB John Kruk 0-0: Ball
German Rivera is caught stealing 2nd base 2-6
1-0: Swinging Strike
1-1: Called Strike
1-2: Ball
2-2: Fly out, F8 (Flyball, 8RS, EV 88.1 MPH)
Batting: RHB George Gomez 0-0: Swinging Strike
0-1: Foul Ball, location: 2F
0-2: Ball
1-2: Fly out, F8 (Flyball, 89M, EV 92.5 MPH)
Top of the 6th over - 0 runs, 1 hit, 0 errors, 0 left on base; Mexico City 1 - Fort de France 2
BOTTOM OF THE 6TH
Fort de France Carnivals batting - Pitching for Mexico City Conquistadors : LHP Chris Reyes
Batting: RHB Eddie Vargas 0-0: Foul Ball, location: 2F
0-1: Ball
1-1: Called Strike
1-2: Strikes out looking
Batting: RHB Ramiro Gutierrez 0-0: Ball
1-0: Called Strike
1-1: Fly out, F8 (Flyball, 8LS, EV 81.9 MPH)
Batting: LHB Omar Guerrero 0-0: Ball
1-0: Called Strike
1-1: Called Strike
1-2: Ball
2-2: Foul Ball, location: 2F
2-2: SOLO HOME RUN (Flyball, 89XD, EV 85.6 MPH), Distance : 419 ft
Batting: RHB Dave Stenhouse 0-0: Ball
1-0: Foul Ball, location: 2F
1-1: SINGLE (Flyball, 5D, EV 96.3 MPH)
Batting: LHB Steve Sbragia 0-0: Called Strike
0-1: Foul Ball, location: 2F
0-2: Ball
1-2: Strikes out swinging
Bottom of the 6th over - 1 run, 2 hits, 0 errors, 1 left on base; Mexico City 1 - Fort de France 3
TOP OF THE 7TH
Mexico City Conquistadors batting - Pitching for Fort de France Carnivals : LHP Dennis Rasmussen
Batting: RHB Chris James 0-0: Ball
1-0: Ball
2-0: Single, Error in OF, E7, batter to second base (Line Drive, 8LS, EV 106.3 MPH)
Batting: RHB Mariano Duncan 0-0: Called Strike
0-1: Called Strike
0-2: Ball
1-2: SINGLE (Groundball, 56S, EV 69.4 MPH) (infield hit)
Chris James to third
Batting: RHB Jorge Villalobos 0-0: Called Strike
0-1: Ball
1-1: Grounds into double play, 5-4-3 (Groundball, 56S, EV 82.5 MPH)
Chris James scores
Batting: RHB Steve Liddle 0-0: Ground out 6-3 (Groundball, 6, EV 105.0 MPH)
Top of the 7th over - 1 run, 2 hits, 1 error, 0 left on base; Mexico City 2 - Fort de France 3
BOTTOM OF THE 7TH
Fort de France Carnivals batting - Pitching for Mexico City Conquistadors : LHP Chris Reyes
Batting: RHB Julio Collazo 0-0: SINGLE (Groundball, 6D, EV 98.8 MPH)
Batting: LHB Mike McCain 0-0: Sac Bunt to 15 - play at first, batter OUT! 1-4
Julio Collazo to second
Batting: RHB Mario Diaz 0-0: Fly out, F7 (Flyball, 7S, EV 95.0 MPH)
Batting: SHB Gary Pettis 0-0: Swinging Strike
0-1: DOUBLE (Flyball, 8RD, EV 91.9 MPH)
Julio Collazo scores
Batting: RHB Eddie Vargas 0-0: Called Strike
0-1: Fly out, F8 (Flyball, 8RM, EV 91.9 MPH)
Bottom of the 7th over - 1 run, 2 hits, 0 errors, 1 left on base; Mexico City 2 - Fort de France 4
TOP OF THE 8TH
Mexico City Conquistadors batting - Pitching for Fort de France Carnivals : LHP Dennis Rasmussen
Batting: RHB Jose Maldonado 0-0: Ball
1-0: Called Strike
1-1: Ball
2-1: Called Strike
2-2: Foul Ball, location: 2F
2-2: Foul Ball, location: 2F
2-2: Strikes out swinging
Pitching: RHP Anthony Notarino
Batting: RHB Brad Komminsk 0-0: Called Strike
0-1: Ball
1-1: Ball
2-1: Ball
3-1: Base on Balls
Batting: RHB German Rivera 0-0: Ball
1-0: Ball
2-0: Swinging Strike
Pickoff Throw to First - Error! E1
Brad Komminsk to second
2-1: SINGLE (Line Drive, 3D, EV 94.4 MPH)
Brad Komminsk to third
Runner from 3rd tries for Home, SAFE, throw by RF to home
Batting: LHB John Kruk 0-0: Ball
1-0: Foul Ball, location: 2F
1-1: Called Strike
1-2: Fly out, F9 (Line Drive, 9, EV 93.8 MPH)
Batting: RHB George Gomez 0-0: Ball
1-0: Ball
2-0: Called Strike
2-1: Foul Ball, location: 2F
2-2: Ball
3-2: Foul Ball, location: 2F
3-2: Foul Ball, location: 2F
3-2: Strikes out swinging
Top of the 8th over - 1 run, 1 hit, 1 error, 1 left on base; Mexico City 3 - Fort de France 4
BOTTOM OF THE 8TH
Fort de France Carnivals batting - Pitching for Mexico City Conquistadors : LHP Chris Reyes
Pitching: RHP Mark Ross
Batting: RHB Ramiro Gutierrez 0-0: Called Strike
0-1: Ground out 4-3 (Groundball, 4, EV 106.3 MPH)
Batting: LHB Omar Guerrero 0-0: Fly out, F7 (Flyball, 7D, EV 104.4 MPH)
Batting: RHB Dave Stenhouse 0-0: SINGLE (Line Drive, 34D, EV 101.9 MPH)
Batting: LHB Steve Sbragia 0-0: Called Strike
0-1: Ball
1-1: Ball
2-1: Ball
3-1: Fly out, F9 (Flyball, 89S, EV 80.6 MPH)
Bottom of the 8th over - 0 runs, 1 hit, 0 errors, 1 left on base; Mexico City 3 - Fort de France 4
TOP OF THE 9TH
Mexico City Conquistadors batting - Pitching for Fort de France Carnivals : RHP Anthony Notarino
Pitching: RHP Joel Willett
Batting: RHB Chris James 0-0: Ball
1-0: Foul Ball, location: 2F
1-1: Ball
2-1: SINGLE (Groundball, 5S, EV 66.9 MPH) (infield hit)
Batting: RHB Mariano Duncan 0-0: Ball
1-0: Ball
2-0: Called Strike
2-1: Swinging Strike
2-2: Strikes out swinging
Batting: RHB Jorge Villalobos 0-0: Ball
1-0: Ball
2-0: Called Strike
2-1: Foul Ball, location: 2F
2-2: Fly out, F9 (Line Drive, 9, EV 106.9 MPH)
Pinch Hitting: SHB Tom Barrett 0-0: Ground out 4-3 (Groundball, 34, EV 101.3 MPH)
Top of the 9th over - 0 runs, 1 hit, 0 errors, 1 left on base; Mexico City 3 - Fort de France 4
Tuesday, July 7th, 2020 - OOTP Baseball 21.4 Build 63